Cogmind - Beta 15 @@@ ROGUE MODE // 2025.05.30 @ 11:04:34 Player: BVrutally Odd Result: Destroyed by ZF-7VV(R) with Subdweller Beam Cannon Performance ------------- Evolutions (0) 0 Regions Visited (2) 400 Robots Destroyed (25) 125 Value Destroyed (619) 619 Prototype IDs (0) 0 Alien Tech Used (0) 0 Bonus (0) 0 TOTAL SCORE: 1144 Bonus ------- None Cogmind --------- Core Integrity 0/250 Matter 265/300 Energy 100/100 System Corruption 0% Temperature Cool (44) Movement Rolling (80) Location -10/Subcaves Parts ------- > --- POWER (1) -------- (None) > --- PROPULSION (2) --- Wheel > --- UTILITY (2) ------ (None) > --- WEAPON (2) ------- Battle Rifle > --- INVENTORY (5) ---- Light Ion Engine Subdweller Monowheel Makeshift Hacking Suite Peak State ------------ > --- POWER ------------ Light Ion Engine > --- PROPULSION ------- Wheel Subdweller Monowheel > --- UTILITY ---------- Scrap Shield > --- WEAPON ----------- Subdweller Machine Gun Subdweller Machine Gun > --- INVENTORY -------- Light Ion Engine Subdweller Monowheel Makeshift Hacking Suite Small Laser Subdweller Laser [Rating: 13] Favorites ----------- Power Light Ion Engine Engine Light Ion Engine Propulsion Light Treads Treads Light Treads Leg Aluminum Leg Wheel Subdweller Monowheel Utility Seismic Detector Device Seismic Detector Storage High-capacity Storage Unit Protection Scrap Shield Weapon Small Laser Energy Gun Small Laser Ballistic Gun Subdweller Machine Gun Build | -11 -10 -10 ------- Run | Yrd Mat Sub Slots Evolved . | . . . Power . | . . . Propulsion . | . . . Utility . | . . . Weapon . | . . . Parts Attached 22 | 7 1 14 Power 3 | 1 . 2 Engine 3 | 1 . 2 Core . | . . . Reactor . | . . . Propulsion 7 | 2 . 5 Treads 2 | 2 . . Leg 1 | . . 1 Wheel 4 | . . 4 Hover . | . . . Flight . | . . . Utility 4 | 2 1 1 Device 1 | 1 . . Storage 2 | 1 1 . Processor . | . . . Hackware . | . . . Protection 1 | . . 1 Artifact . | . . . Weapon 8 | 2 . 6 Energy Gun 3 | 2 . 1 Energy Cannon . | . . . Ballistic Gun 5 | . . 5 Ballistic Cannon . | . . . Launcher . | . . . Special Weapon . | . . . Impact Weapon . | . . . Slashing Weapon . | . . . Piercing Weapon . | . . . Special Melee Weapon . | . . . Unidentified Prototypes . | . . . Parts Lost 11 | . . 11 Power 2 | . . 2 Propulsion 3 | . . 3 Utility 1 | . . 1 Weapon 5 | . . 5 Highest Loss Streak 5 | . . 5 To Critical Strikes . | . . . Average Backups 4 | . . 4 Power . | . . . Propulsion 1 | . . 2 Utility 1 | . . 1 Weapon . | . . . Tool/Special . | . . . Unused Backups 8 | . . 8 Power . | . . . Propulsion 2 | . . 2 Utility 4 | . . 4 Weapon . | . . . Tool/Special 2 | . . 2 Average Slot Usage (%) 91 | . 100 91 Engine 13 | . 14 13 Treads 11 | . 28 11 Leg 7 | . . 7 Wheel 5 | . . 6 Device 12 | . 14 11 Storage 12 | . 14 11 Protection 1 | . . 1 Energy Gun 15 | . 28 14 Ballistic Gun 10 | . . 10 Peak Build Rating 13 | 7 7 13 Average Rating 7 | 5 7 8 On Entrance 4 | . 7 7 Naked Turns . | . . . Heaviest Build 52 | 12 47 52 Greatest Support 40 | 40 40 40 Greatest Overweight (x) 5 | . 1 5 Average Overweight (x) 1 | . . 1 Largest Inventory Capacity 20 | 8 20 20 Average Capacity 17 | 7 13 17 Most Carried 17 | . 2 17 Average Carried 4 | . . 4 Final Capacity 20 | 8 20 5 Final Carried 3 | . 2 3 Class Distribution -------------------- 75% | Mutant 12% | Subdweller-Mutant 12% | Scavenger-Mutant Dominant Class ---------------- Mutant | -10/Materials Mutant | -10/Subcaves Resources | -11 -10 -10 ----------- Run | Yrd Mat Sub Matter Collected 540 | 270 . 270 Remotely . | . . . Salvage Created 780 | 151 97 532 Parts 57 | 11 6 40 Haulers Intercepted . | . . . Recyclers Shooed . | . . . Parts Field Recycled . | . . . Retrieved Matter . | . . . Parts Self-Destructed 22 | . . 22 Prevented 1 | . . 1 Kills | -11 -10 -10 ------- Run | Yrd Mat Sub Combat Hostiles Destroyed 20 | . 4 16 Guns 15 | . 3 12 AOE 5 | . 1 4 Classes Destroyed 7 | 2 3 2 Tunneler 3 | 3 . . Recycler 1 | 1 . . Watcher 1 | . 1 . Swarmer 8 | . 3 5 Grunt 5 | . 1 4 Artisan 1 | . . 1 Subdweller 7 | . . 7 Best Kill Streak 4 | 2 4 4 Combat Bots Only 4 | . 4 4 Max Kills in Single Turn 4 | 1 1 4 Gunslinging . | . . . Exploded 4 | . 1 4 Melee . | . . . Uniques/NPCs Destroyed . | . . . Combat | -11 -10 -10 -------- Run | Yrd Mat Sub Hostile Shots Fired 162 | . 27 135 Missed 52 | . 11 41 Hits 110 | . 16 94 Projectile 110 | . 16 94 Critical Strikes 3 | . . 3 Damage Taken 1825 | . 180 1645 Core 256 | . 19 237 Absorbed by Shields . | . . . Core Remaining (%) 100 | 100 . . Volleys Fired 97 | 14 13 70 Largest 2 | 2 2 2 Hottest 100 | 80 80 100 Shots Fired 177 | 28 25 124 Gun 177 | 28 25 124 Cannon . | . . . Launcher . | . . . Special . | . . . Kinetic 76 | . . 76 Thermal 63 | 14 12 37 Explosive . | . . . Electromagnetic 38 | 14 13 11 Robot Hit Streak 14 | 4 4 14 Robot Miss Streak 5 | 2 2 5 Penetration Max . | . . . Secondary Targets 2 | . 1 1 Max Gunslinging Chain 1 | . 1 1 Shots Hit Robots 83 | 6 14 63 Core Hits 39 | 5 6 28 Critical Kills . | . . . Critical Parts Destroyed . | . . . Critical Strikes 3 | . . 3 Destroy 2 | . . 2 Corrupt 1 | . . 1 Melee Attacks . | . . . Impact . | . . . Slashing . | . . . Piercing . | . . . Sneak Attacks . | . . . Combat Hostiles . | . . . Follow-up Attacks . | . . . Damage Inflicted 1450 | 84 227 1139 Guns 1251 | 61 179 1011 Cannons . | . . . Explosions 199 | 23 48 128 Melee . | . . . Ramming . | . . . Kinetic 618 | . . 618 Thermal 546 | 33 112 401 Explosive . | . . . Electromagnetic 286 | 51 115 120 Impact . | . . . Slashing . | . . . Piercing . | . . . Highest Corruption . | . . . Average Corruption . | . . . Corruption Purged . | . . . Corruption Blocked . | . . . Overload Shots . | . . . Overflow Damage 19 | . . 19 Projectiles . | . . . Explosions 19 | . . 19 Melee . | . . . Knockbacks . | . . . Impact . | . . . Kinetic . | . . . Secondary . | . . . Self-Inflicted Damage 57 | . 38 19 Shots 2 | . 1 1 Rammed . | . . . Targets Rammed . | . . . Kicked . | . . . Crushed . | . . . Highest Temperature 547 | 180 108 547 Average Temperature 132 | 72 47 327 Received Heat Transfer 1402 | . 12 1390 Effects 7 | . . 7 Energy Bleed 3 | . . 3 Interference 1 | . . 1 Short Circuit 1 | . . 1 Damage (minor) 1 | . . 1 Damage (major) 1 | . . 1 Siege Activations . | . . . Martial Activations . | . . . Shielding Activations . | . . . Robots Disrupted . | . . . Combat Hostiles . | . . . Robots Corrupted . | . . . Combat Hostiles . | . . . Parts Fried . | . . . Impact Corruptions . | . . . Robots Melted . | . . . Combat Hostiles . | . . . Parts Melted 2 | . . 2 Heat Transferred 825 | 75 200 550 Parts Sabotaged . | . . . Parts Stolen . | . . . Parts Stripped . | . . . Power Chain Reactions 4 | 1 2 1 Alert | -11 -10 -10 ------- Run | Yrd Mat Sub Maximum Alert Level . | . . . Low Security (%) 100 | 100 100 . Level 1 . | . . . Level 2 . | . . . Level 3 . | . . . Level 4 . | . . . Level 5 . | . . . High Security . | . . . Max Security . | . . . Peak Influence 106 | 5 106 . Initial . | . . . Average 29 | . 64 . Influence Increases 501 | 20 146 335 Destroy 0b10 Robot/C 260 | . 80 180 Destroy 0b10 Robot/NC 25 | 20 5 . Destroy Leader 32 | . 12 20 Successful Hack 14 | . 14 . Disable Machine 30 | . 30 . Destroy Structure 5 | . 5 . Lose Combat Pursuer 135 | . . 135 Influence Decreases 501 | 20 60 421 Entered New Map 42 | . . 42 Time Decay 424 | 20 60 344 Lost Part 35 | . . 35 Squads Dispatched 1 | . 1 . Investigation . | . . . Extermination . | . . . Reinforcement 1 | . 1 . Assault . | . . . Garrison . | . . . Intercept . | . . . Searches Triggered . | . . . Construction Impeded . | . . . Haulers Reinforced . | . . . Active Scanning Responses . | . . . Cargo Convoy Interrupts . | . . . Stealth | -11 -10 -10 --------- Run | Yrd Mat Sub Distress Signals . | . . . Communications Jammed . | . . . Distress Signals . | . . . Times Spotted 28 | . 8 20 Peak Tracking Total 6 | . 5 6 Tactical Retreats 4 | . . 4 Traps | -11 -10 -10 ------- Run | Yrd Mat Sub Traps Triggered 1 | . . 1 Indirectly . | . . . Trap Hack Attempts . | . . . Triggered . | . . . Disarmed . | . . . Reprogrammed . | . . . Reused . | . . . Traps Extracted . | . . . Installed . | . . . Triggered . | . . . Machines | -11 -10 -10 ---------- Run | Yrd Mat Sub Machines Disabled 2 | . 2 . Max in Single Turn 2 | . 2 . Machines Repaired . | . . . Machines Dismantled . | . . . Machines Sabotaged . | . . . Overloaded Fab Kills . | . . . Hacking | -11 -10 -10 --------- Run | Yrd Mat Sub Machines Accessed 2 | . 1 1 Terminals 1 | . 1 . Fabricators . | . . . Repair Stations . | . . . Recycling Units . | . . . Scanalyzers . | . . . Garrison Access . | . . . Total Hacks 7 | . 2 5 Successful 6 | . 1 5 Failed 1 | . 1 . Catastrophic . | . . . Database Lockouts . | . . . Manual . | . . . Terminals 2 | . 2 . Fabricators . | . . . Repair Stations . | . . . Recycling Units . | . . . Scanalyzers . | . . . Garrison Access . | . . . Terminal Hacks 6 | . 1 5 Record 5 | . . 5 Zone Layout 1 | . 1 . Fabricator Hacks . | . . . Repair Station Hacks . | . . . Recycling Unit Hacks . | . . . Scanalyzer . | . . . Garrison Access Hacks . | . . . Unauthorized Hacks . | . . . Terminals . | . . . Fabricators . | . . . Repair Stations . | . . . Recycling Units . | . . . Scanalyzers . | . . . Garrison Access . | . . . Data Cores Recovered . | . . . Used . | . . . Hacking Detections 1 | . 1 . Full Trace Events . | . . . Feedback Events . | . . . Feedback Blocked . | . . . Robot Schematics Acquired . | . . . Robots Built . | . . . Authchips . | . . . Time . | . . . Total Robot Build Rating . | . . . Part Schematics Acquired . | . . . Parts Built . | . . . Authchips . | . . . Time . | . . . Total Part Build Rating . | . . . Parts Repaired . | . . . Time . | . . . Parts Recycled . | . . . Recycled Matter . | . . . Retrieved Matter . | . . . Retrieved Components . | . . . Parts Scanalyzed . | . . . Part Schematics Acquired . | . . . Parts Damaged . | . . . Bothacking | -11 -10 -10 ------------ Run | Yrd Mat Sub Used RIF Installer . | . . . Robots Hacked . | . . . Non-combat . | . . . Combat . | . . . Robot Hacks Applied . | . . . Relay Couplers Released . | . . . Fabnet Peak Effective % . | . . . Robots Rewired . | . . . Allies Hacked . | . . . Hacks Repelled . | . . . Allies | -11 -10 -10 -------- Run | Yrd Mat Sub Total Allies . | . . . Largest Group . | . . . Highest-Rated Group . | . . . Highest-Rated Ally . | . . . Total Orders . | . . . Ally Attacks . | . . . Total Damage . | . . . Kills . | . . . Allies Corrupted . | . . . Allies Melted . | . . . Intel | -11 -10 -10 ------- Run | Yrd Mat Sub Active Infowar (turns) 3108 | 71 140 2897 Seismic 3108 | 71 140 2897 Robot Analysis Total . | . . . Derelict Logs Recovered 1 | . . 1 Drone Launches . | . . . Drone Recoveries . | . . . Exploration | -11 -10 -10 ------------- Run | Yrd Mat Sub Turns Passed 3689 | 170 140 3379 Spaces Moved 1331 | 75 52 1204 Core 2 | 2 . . Treads 696 | 73 52 571 Legs 2 | . . 2 Wheels 631 | . . 631 Hover . | . . . Flight . | . . . Fastest Speed 50 | 50 160 95 Average Speed 203 | 157 192 206 Slowest Speed 400 | 160 240 400 Overloaded Moves . | . . . Propulsion Burnouts . | . . . Robots Hopped . | . . . Potential Cave-ins . | . . . Cave-ins Triggered . | . . . Exploration Rate (%) 31 | 6 17 71 Regions Visited 2 Branch Regions 1 Pre-discovered Areas . | . . . Known Exits Taken . | . . . Unknown Exits Taken 2 | 1 1 . Scrap Searched . | . . . Spaces Dug . | . . . Terrain Destroyed 11 | 5 4 2 Melee . | . . . Projectile . | . . . AOE 11 | 5 4 2 Terrain Rammed . | . . . Walls Destroyed . | . . . Machines Disabled . | . . . Actions | -11 -10 -10 --------- Run | Yrd Mat Sub Total 2131 | 96 67 1968 Wait 649 | 1 1 647 Move 1329 | 74 51 1204 Hop . | . . . Pick Up 20 | . 1 19 Fast Attach 12 | 7 . 5 Attach 4 | . . 4 Detach . | . . . Swap 9 | . 1 8 Drop 6 | . . 6 Fire 97 | 14 13 70 Melee . | . . . Ram . | . . . Kick . | . . . Crush . | . . . Escape Stasis . | . . . Rewire . | . . . Trap . | . . . Miscellaneous 5 | . . 5 Route ------- -11/Scrapyard -10/Materials -10/Subcaves (discovered 2 exits: [*Mat x2]) History --------- Turn | Location | Event 23 | -11/Scrapyard | Discovered new exit (range 16) 171 | -11/Scrapyard | Entered Materials 247 | -10/Materials | Discovered new exit (range 9) 311 | -10/Materials | Build established: Mutant 311 | -10/Materials | Entered Subcaves 312 | -10/Subcaves | Approached by a straggling Scientist 638 | -10/Subcaves | Discovered new exit (range 8) 2070 | -10/Subcaves | Shifting Twisted Machinery released Sub. Machine Gun 2179 | -10/Subcaves | Shifting Twisted Machinery released Sub. Machine Gun 2208 | -10/Subcaves | Visited Clippyterm 2217 | -10/Subcaves | Learned Factory fabricator intel 2217 | -10/Subcaves | Learned Factory garrison access intel 2599 | -10/Subcaves | Ambushed by Subdwellers from Twisted Machinery 2657 | -10/Subcaves | Lost 3 parts (1p1n1w) 3090 | -10/Subcaves | Build established: Scavenger-Mutant 3191 | -10/Subcaves | Discovered new exit (range 6) 3307 | -10/Subcaves | Shifting Twisted Machinery released Mak. Hacking Suite 3337 | -10/Subcaves | A swath of the cavern ceiling suddenly collapsed 3507 | -10/Subcaves | Build established: Subdweller-Mutant 3586 | -10/Subcaves | Learned location of 1 exit from Materials 3670 | -10/Subcaves | Core integrity fell below 50% 3679 | -10/Subcaves | Core integrity fell below 20% 3690 | -10/Subcaves | Destroyed by ZF-7VV(R) with Subdweller Beam Cannon Last Messages --------------- 03657_ Sml. Laser destroyed. 03657_ Critical hit (Meltdown: +290). 03658_ Overheating: Energy bleed (-20). 03660_ Overheating: Energy bleed (-15). 03661_ Overheating: System interference. 03661_ Battle Rifle temporarily disabled. 03661_ Lgt. Ion Engine destroyed. 03662_ Overheating: Scrap Shield damaged (-32). 03663_ Scrap Shield destroyed. 03664_ Overheating: Wheel damaged (-8). 03667_ Sub. Laser destroyed. 03673_ Critical hit (Meltdown: +300). 03674_ Sub. Monowheel broken. 03674_ Overheating: Short circuit. 03675_ Sub. Optics melted. 03675_ K6-628(R) destroyed. 03677_ Overheating: Energy bleed (-15). 03678_ Broken Sub. Monowheel destroyed. 03687_ ZF-7VV(R) affixes Scrap Shield Fragment to Scrap Shield. Map ----- +----------------------------------------------------+ | ##??## ##??????????????????????????????????????? | | # ##??###???????????????????????????????????????? | | # ###??????????????????????????????????????????? | | #??????????????????????????????????????????? | | ##??????????????????????????????????????????? | | ##???????????????????????????????????????????? | | # #????????????????????????????????????????????? | | #####????????????????????????????????????????????? | | #????????????????????????????????????????????????? | | #????????????????????????????????????????????????? | | ##???????????????????????????????????????????????? | | ##??????????????????????????????????????????????? | | ##?????????????????????????????????????????????? | | ##????????????????????????????????????????????? | | #????????????????????????????????????????????? | | #??????????????###???????????????????????????? | | #?????????#????# #??????????????????????????? | | #??????# #??? #?????????????????????????? | | #??????# ???? ##???????????????????????? | | ###????? ????# ####????????????????????? | | #?????? #???# ####?????????????????? | | # #??????# ????# " ##????????????????? | | ## #?????# ##???# * """ ???????????????? | | ?##### #????## #???#!%## "" ?????????????? | | ??????###????# ##??#"R#??????? ??????????????? | | ?????????????# #### @#??????????????????????? | | ##?????????????# ## #??????????????????????? | | ##?????????????# ""#??????????????????????? | | ###???????????# "#??????????????????????? | | ##?????????## #??????????????????????? | | ## #????????## ##??????????????????????? | | ### ######??## #???????????????????????? | | ## %## #### ""##???????????????????????? | | " #????????????????????????? | | ""#????????????????????????? | | % ## # #????????????????????????? | | [% ### ### ???????????????????? | | !##### #### #??????????????????? | | ## ### ##??## #??????????????????? | | ### ###??# ##??????????????????? | | ##### ##???????????????????? | | # #### #????????????????????? | | ## ###### #### #????????????????????? | | ?## ##???##???###????????????????????? | | ??######## #???????????????????????????????? | | ?????????# #???????????????????????????????? | | ?????????#########???????????????????????????????? | | ?????????????????????????????????????????????????? | | ?????????????????????????????????????????????????? | | ?????????????????????????????????????????????????? | +----------------------------------------------------+ Best States ------------- Heat Dissipation 25 Energy Generation 10 Energy Capacity 125 Matter Stores 300 Matter Capacity 300 Sight Range 16 Terrain Scan Density 10 Armor Coverage 800 Evasion (%) 40 Recoil Reduction 2 Item Schematics ----------------- None Robot Schematics ------------------ None Fabricated ------------ Nothing Repaired ---------- Nothing Alien Tech Used ----------------- None Achievements -------------- None Challenges ------------ None Game ------ Seed MinesnifferStealthMace Manual? 0 Play Time 00:13:24 Cumulative 340.2 hours Start 2025.05.30 @ 10:52:08 End 2025.05.30 @ 11:04:34 Sessions 1 Manual Loads 0 Difficulty Rogue Special Mode None Game No. 165 Rogue 102 Adventurer 16 Explorer 47 Win Type - Total 43 Types 24/5/6/1/0/2/2/1/1/1 Lore% 92 Gallery% 88 Achievement% 83 Wizard Run 0 Options --------- Layout 2 ASCII 0 Keyboard 0 Movement Mouse Keybinds 0 Fullscreen 1 Font 32/Tamsyn Map View 50x44 Zoom Use 0% Tactical HUD 1 Map Filters NONE Filters NONE Steam 1 RUN: f4c5318c-d877-4c9b-bfa0-8cfdf1ab19e5